 Dungeon Crawl Stone Soup version 0.17-a0-1647-gb11a595 (webtiles) character file.

5049 Demise101 the Destroyer (level 10, -9/44 HPs)
             Began as a Vine Stalker Conjurer on Aug 13, 2015.
             Was the Champion of Sif Muna.
             Killed by an exploding fulminant prism (13 damage)
             ... created by the player character
             ... on level 9 of the Dungeon.
             The game lasted 00:16:36 (10661 turns).

Demise101 the Destroyer (Vine Stalker Conjurer)    Turns: 10661, Time: 00:16:36

Health: -9/44      AC:  4    Str: 12    XL:     10   Next: 56%
Magic:  0/32       EV: 12    Int: 21    God:    Sif Muna [******]
Gold:   239        SH:  0    Dex: 18    Spells: 5 memorised, 8 levels left

rFire  . . .     SeeInvis .     a - +6 falchion of Indomitability {speed, MR+ Dex+2 Stlth+}
rCold  + . .     Clarity  .     m - +0 robe {rN+}
rNeg   + + .     SustAt   .     (no shield)
rPois  .         Gourm    .     (no helmet)
rElec  .         Spirit   +     G - +0 cloak
rCorr  .         Warding  .     x - +0 pair of gloves
rMut   .         Stasis   .     (no boots)
MR     ++...                    i - amulet of regeneration
Stlth  +++.......               y - ring of Yffiug {rC+ rN+ Str+2 Int+3}
                                H - ring of magical power

@: lethally poisoned (-9 -> -9), very resistant to hostile enchantments, fairly
stealthy
A: fangs 3, regeneration 2, magic shield, antimagic bite, no device heal 3, rot
immunity
a: Channel Energy, Forget Spell, Renounce Religion


You were on level 9 of the Dungeon.
You worshipped Sif Muna.
Sif Muna was exalted by your worship.
You were very full.

You visited 1 branch of the dungeon, and saw 9 of its levels.
You also visited: Sewer and Ossuary.

You collected 455 gold pieces.
You spent 216 gold pieces at shops.

Inventory:

Hand weapons
 a - the +6 falchion of Indomitability (weapon) {speed, MR+ Dex+2 Stlth+}
   (You found it on level 6 of the Dungeon)

   Attacks with this weapon are significantly faster.
   It affects your dexterity (+2).
   It affects your resistance to hostile enchantments.
   It makes you more stealthy.
 I - a +0 dagger of venom
 P - a +4 dagger
Missiles
 e - 4 throwing nets (quivered)
Armour
 m - a +0 robe of positive energy (worn)
 x - a +0 pair of gloves (worn)
 G - a +0 cloak (worn)
Magical staves
 t - an uncursed staff of summoning
Jewellery
 i - an amulet of regeneration (around neck)
 k - an uncursed ring of positive energy
 y - the ring of Yffiug (right hand) {rC+ rN+ Str+2 Int+3}
   (You found it on level 4 of the Dungeon)

   [ring of protection from cold]

   It affects your strength (+2).
   It affects your intelligence (+3).
   It protects you from cold.
   It protects you from negative energy.
 H - a ring of magical power (left hand)
Magical devices
 K - a wand of paralysis (16)
 Q - a wand of fireball (11)
 R - a wand of fireball (7)
 T - a wand of disintegration (12)
 Y - a wand of fireball (11)
Scrolls
 f - a scroll of torment {unknown}
 j - a scroll of blinking {unknown}
 o - 3 scrolls of recharging
 p - 9 scrolls of remove curse
 r - 3 scrolls of fog
 u - 2 scrolls of amnesia
 A - 3 scrolls of fear
 B - 2 scrolls of magic mapping
 E - 3 scrolls of teleportation
 M - 3 scrolls of random uselessness {unknown}
 S - a scroll of enchant weapon {unknown}
 U - 3 scrolls of enchant armour {unknown}
 V - a scroll of noise {unknown}
 W - 2 scrolls of immolation {unknown}
Potions
 h - 2 potions of curing
 l - 5 potions of might
 n - a potion of poison {unknown}
 s - 3 potions of agility
 v - 4 potions of heal wounds
 w - 3 potions of magic
 z - 2 potions of invisibility
 C - 2 potions of brilliance {unknown}
 D - 4 potions of haste {unknown}
 J - 2 potions of mutation {unknown}
Books
 b - a book of Conjurations

   Spells                             Type                      Level
   a - Magic Dart                     Conjuration                  1
   b - Searing Ray                    Conjuration                  2
   c - Dazzling Spray                 Conjuration/Hexes            3
   d - Fulminant Prism                Conjuration/Hexes            4
   e - Iskenderun's Mystic Blast      Conjuration                  4
   f - Iskenderun's Battlesphere      Conjuration/Charms           5
 N - a book of Ice

   Spells                             Type                      Level
   a - Ice Form                       Ice/Transmutation            4
   b - Metabolic Englaciation         Hexes/Ice                    5
   c - Ozocubu's Refrigeration        Ice                          6
   d - Bolt of Cold                   Conjuration/Ice              6
   e - Freezing Cloud                 Conjuration/Ice/Air          6
   f - Simulacrum                     Ice/Necromancy               6
Comestibles
 c - 7 chunks of flesh
 d - 11 royal jellies
 g - 3 beef jerkies
 F - 4 meat rations
 L - 12 fruits
 O - 2 slices of pizza


   Skills:
 - Level 1.5 Dodging
 - Level 2.4 Stealth
 + Level 8.3 Spellcasting
 * Level 11.5 Conjurations
 - Level 5.7 Hexes
 + Level 3.8 Charms


You had 8 spell levels left.
You knew the following spells:

 Your Spells              Type           Power        Failure   Level  Hunger
a - Magic Dart            Conj           ####         1%          1    None
b - Iskenderun's Battles  Conj/Chrm      #####...     12%         5    #####..
c - Iskenderun's Mystic   Conj           ######..     1%          4    ###....
d - Fulminant Prism       Conj/Hex       #####.....   2%          4    ###....
e - Dazzling Spray        Conj/Hex       #####...     1%          3    None


Dungeon Overview and Level Annotations

Branches:
Dungeon (9/15)             Temple (0/1) D:4
   Lair: D:8-11         Orc: D:9-12

Altars:
Ashenzari
Dithmenos
Okawaru
Qazlal
Sif Muna
Trog
Xom
The Shining One

Shops:
D:5 *

Annotations:
D:9 1 runed door


Innate Abilities, Weirdness & Mutations

You have razor-sharp teeth.
You heal very quickly.
When hurt, damage is shared between your health and your magic reserves.
Your bite disrupts and absorbs the magic of your enemies.
Potions and wands cannot restore your health.
You are immune to rotting.


Message History

You feel sick. The killer bee stings you! The killer bee stings you.
The killer bee closely misses you. The killer bee stings you.
* * * LOW HITPOINT WARNING * * *
You feel sick.
The killer bee stings your fulminant prism!
The killer bee stings you.
* * * LOW HITPOINT WARNING * * *
The killer bee stings your fulminant prism.
Your fulminant prism crackles loudly.
You feel sick. The killer bee stings you.
* * * LOW HITPOINT WARNING * * *
Your fulminant prism explodes!
The blast of energy engulfs the killer bee.
You kill the killer bee!
The blast of energy engulfs the killer bee.
You kill the killer bee!
The blast of energy engulfs the killer bee.
The killer bee is almost dead.
The blast of energy engulfs you!
You die...

...........#.#...................
+####.<....###...................
#............................
#............................
#..............##+####.......
#..............#.....#.......
#..........†...#.....#.......
#..........y...#.....#.......
#..#'##'####@..#.....#......÷
#..#.......#...#.....#.###+..
#.......#...####'##.#.....
#.......#...........###.##
#.......#...#######.###†#.
#########...# #.##.#.# .a..#
#..##.#. ...!# #..#.#.# #..##.#.


You could see a soldier ant (wandering) and a killer bee.

Vanquished Creatures
  Grinder (D:4)
  A wyvern (D:8)
  A soldier ant (D:9)
  2 water moccasins
  6 ogres
  A wasp (D:9)
  5 sky beasts
  A phantom (D:5)
  3 centaurs
  A crocodile (D:7)
  A big kobold (D:4)
  9 giant frogs
  A wyvern zombie (D:8)
  A water moccasin skeleton (D:7)
  A scorpion (D:8)
  8 killer bees
  4 wights (D:8)
  2 giant frog zombies (D:7)
  An orc priest (D:4)
  A centaur zombie (D:8)
  2 jellies (D:9)
  2 centaur skeletons
  A gnoll shaman (D:4)
  5 hounds
  4 orc wizards
  Jessica (D:2)
  2 iguanas
  16 worker ants
  A hound skeleton (D:4)
  10 mummies (Ossuary)
  A worker ant zombie (D:7)
  16 adders
  10 gnolls
  A shadow imp (D:7)
  7 river rats (Sewer)
  2 oozes (Sewer)
  2 adder zombies (D:8)
  3 worms
  4 giant geckos
  12 orcs
  2 giant cockroaches
  7 goblins
  10 hobgoblins
  6 jackals (D:5)
  5 quokkas
  11 ball pythons
  9 bats
  12 giant newts
  2 gnoll skeletons (Ossuary)
  2 goblin skeletons (Ossuary)
  9 kobolds
  2 kobold skeletons (Ossuary)
  A kobold zombie (D:8)
  An orc skeleton (Ossuary)
  A quokka skeleton (D:7)
  A quokka zombie (D:8)
  28 rats
  11 rat skeletons (Ossuary)
  A rat zombie (D:8)
  2 butterflies (D:9)
  2 fulminant prisms
278 creatures vanquished.

Vanquished Creatures (others)
  A mummy (Ossuary)
  An orc skeleton (Ossuary)
  53 fulminant prisms
  3 plants (D:4)
58 creatures vanquished.

Grand Total: 336 creatures vanquished

Notes
Turn   | Place    | Note
--------------------------------------------------------------
     0 | D:1      | Demise101 the Vine Stalker Conjurer began the quest for the Orb.
     0 | D:1      | Reached XP level 1. HP: 9/9 MP: 4/4
   357 | D:1      | Reached XP level 2. HP: 13/13 MP: 4/6
   798 | D:2      | Noticed Jessica
   809 | D:2      | Killed Jessica
   809 | D:2      | Reached XP level 3. HP: 16/16 MP: 8/8
   940 | D:2      | Reached skill level 5 in Conjurations
  1049 | D:2      | Found a deep blue altar of Sif Muna.
  1126 | D:2      | Reached XP level 4. HP: 19/21 MP: 2/9
  1185 | D:2      | Became a worshipper of Sif Muna the Loreminder
  1334 | D:2      | Found a shadowy altar of Dithmenos.
  1635 | D:3      | Learned a level 3 spell: Dazzling Spray
  1640 | D:3      | Learned a level 4 spell: Fulminant Prism
  2359 | D:4      | Found a staircase to the Ecumenical Temple.
  2390 | D:4      | Noticed a big kobold
  2412 | D:4      | Killed a big kobold
  2412 | D:4      | Reached skill level 1 in Hexes
  2412 | D:4      | Reached XP level 5. HP: 17/24 MP: 4/11
  2588 | D:4      | Got a smoking pewter ring
  2589 | D:4      | Identified the ring of Yffiug {rC+ rN+ Str+2 Int+3} (You found it on level 4 of the Dungeon)
  2605 | D:4      | Found a glowing drain.
  2614 | Sewer    | Entered a sewer
  2767 | Sewer    | Gained mutation: You heal very quickly. [Vine Stalker growth]
  2767 | Sewer    | Reached XP level 6. HP: 28/28 MP: 9/12
  3144 | Sewer    | Acquired Sif Muna's first power
  3233 | Sewer    | Reached skill level 6 in Conjurations
  3339 | Sewer    | HP: 1/28 [poisoned by an adder]
  3410 | Sewer    | Learned a level 4 spell: Iskenderun's Mystic Blast
  3752 | Sewer    | Reached XP level 7. HP: 28/32 MP: 3/14
  4332 | D:4      | Reached skill level 7 in Conjurations
  4368 | D:4      | Noticed Grinder
  4477 | D:4      | Killed Grinder
  4477 | D:4      | Acquired Sif Muna's second power
  4477 | D:4      | Reached skill level 5 in Spellcasting
  4477 | D:4      | Gained mutation: You have razor-sharp teeth. [Vine Stalker growth]
  4477 | D:4      | Reached XP level 8. HP: 28/36 MP: 4/16
  4487 | D:4      | Learned a level 5 spell: Iskenderun's Battlesphere
  4605 | D:4      | Found a shimmering altar of Xom.
  4778 | D:5      | Entered Level 5 of the Dungeon
  4924 | D:5      | Found a stormy altar of Qazlal.
  5012 | D:5      | Reached skill level 8 in Conjurations
  5489 | D:5      | Found Iddupn's General Store.
  5494 | D:5      | Bought a wand of paralysis (16) for 216 gold pieces
  6170 | D:6      | Reached skill level 9 in Conjurations
  6287 | D:6      | Got a bone falchion
  6288 | D:6      | Identified the +6 falchion of Indomitability {speed, MR+ Dex+2 Stlth+} (You found it on level 6 of the Dungeon)
  6506 | D:6      | Reached XP level 9. HP: 37/39 MP: 19/19
  6531 | D:6      | Found a bloodstained altar of Trog.
  6867 | D:6      | Reached skill level 5 in Hexes
  7426 | D:7      | Found an iron altar of Okawaru.
  7494 | D:7      | Acquired Sif Muna's third power
  7679 | D:7      | Reached skill level 10 in Conjurations
  7931 | D:7      | Found a shattered altar of Ashenzari.
  8208 | D:8      | Found a sand-covered staircase.
  8221 | Ossuary  | Entered an ossuary
  8980 | D:8      | Reached skill level 1 in Charms
  9259 | D:8      | Reached XP level 10. HP: 44/44 MP: 13/22
  9586 | D:9      | Reached skill level 11 in Conjurations
  9889 | D:9      | Found a runed door.
  9947 | D:9      | Found a runed door.
 10454 | D:9      | Found a glowing golden altar of the Shining One.
 10661 | D:9      | Killed by an exploding fulminant prism

Vault maps used:
D:1:      dpeg_arrival_circle_labyrinth_c
D:2:      old_standard_altar, nicolae_dithmenos_shadow_blocks,
          grunt_ministairs_10, st_stairs_4, uniq_jessica
D:3:      roderic_three_in_a_row
D:4:      lemuel_coloured_pillars_altar, minmay_temple_entry_statues_pillars,
          first_bread, portal_sewer_entry_d, lexackson_kobold_supper,
          uniq_grinder
D:5:      grunt_qazlal_clouds, serial_shops, kennysheep_little_box
D:6:      old_standard_altar
D:7:      lemuel_round_altar, basic_altar
D:8:      enter_ossuary_3
D:9:      lemuel_insect_pit, kennysheep_mini, hangedman_pestilent_swarm
Sewer:    sewer_minmay_w
Ossuary:  ossuary_due_small_catacomb

Action                   |  1- 3 |  4- 6 |  7- 9 | 10-12 || total
-------------------------+-------+-------+-------+-------++-------
Melee: Club              |    18 |       |       |       ||    18
       Unarmed           |     1 |       |       |       ||     1
       Dagger            |       |    57 |    24 |       ||    81
       Falchion          |       |       |    59 |    22 ||    81
 Cast: Magic Dart        |    42 |   181 |   246 |   140 ||   609
       Dazzling Spray    |       |     1 |     3 |     1 ||     5
       Fulminant Prism   |       |     1 |    40 |    15 ||    56
       Iskenderun's Myst |       |       |     5 |     8 ||    13
       Iskenderun's Batt |       |       |       |     1 ||     1
Invok: Channel Energy    |       |     1 |     4 |       ||     5
  Use: Scroll            |       |     5 |     7 |     4 ||    16
       Potion            |       |     5 |       |     1 ||     6
 Stab: Sleeping          |     1 |       |     4 |       ||     5
  Eat: Chunk             |     1 |     9 |    15 |       ||    25
       Bread ration      |       |       |     3 |     2 ||     5
       Beef jerky        |       |       |       |     1 ||     1
